 Dungeon Crawl Stone Soup version 0.28-a0-479-g5baa6b73be (webtiles) character file.

Game seed: 15781275592884639521

12019 freelancePsychic the Arsonist (level 11, -1/97 HPs)
             Began as a Demigod Conjurer on Sept 18, 2021.
             Slain by an ogre (4 damage)
             ... while paralysed by an ogre mage
             ... on level 1 of the Orcish Mines.
             The game lasted 00:25:05 (13925 turns).

freelancePsychic the Arsonist (Demigod Conjurer)   Turns: 13925, Time: 00:25:06

Health: -1/97      AC: 17    Str:  8    XL:     11   Next: 31%
Magic:  10/20      EV:  2    Int: 32    God:
Gold:   367        SH:  0    Dex: 12    Spells: 10/17 levels left

rFire   + . .      SeeInvis +   j - staff of fire
rCold   . . .      Faith    .   (no shield)
rNeg    . . .      Spirit   .   F - +0 troll leather armour
rPois   .          Reflect  .   m - +1 helmet
rElec   .          Harm     .   E - scarf {repulsion}
rCorr   .          Rampage  .   (no gloves)
Will    +....                   c - +2 pair of boots
Stlth   ++........              (no amulet)
HPRegen 1.26/turn               u - +4 ring of protection
MPRegen 0.17/turn               p - ring of Ummeolur {*Corrode AC+4 SInv}

@: paralysed, repel missiles
A: high mp 1, forlorn
a: no special abilities


You were on level 1 of the Orcish Mines.
You visited 2 branches of the dungeon, and saw 12 of its levels.

You collected 887 gold pieces.
You spent 520 gold pieces at shops.

Inventory:

Hand Weapons
 a - a +1 dagger of electrocution
Missiles
 H - 2 throwing nets
Armour
 c - a +2 pair of boots (worn)
 m - a +1 helmet (worn)
 E - a scarf of repulsion (worn)
 F - a +0 troll leather armour (worn)
Magical Staves
 j - a staff of fire (weapon)
Jewellery
 b - an amulet of magic regeneration
 d - a ring of protection from cold
 g - a ring of flight
 p - the ring of Ummeolur (right hand) {*Corrode AC+4 SInv}
   (You found it on level 4 of the Dungeon)

   [ring of protection]

   AC:        It affects your AC (+4).
   SInv:      It lets you see invisible.
   *Corrode:  It may corrode you when you take damage.
 u - a +4 ring of protection (left hand)
Wands
 f - a wand of charming (23)
 n - a wand of paralysis (9)
 y - a wand of flame (16)
 B - a wand of acid (9)
 I - a wand of polymorph (13)
Scrolls
 q - 8 scrolls of teleportation {@r4}
 t - 2 scrolls of magic mapping
 w - a scroll of identify {@r1}
 z - 2 scrolls of amnesia
 D - a scroll of torment
 G - a scroll of enchant armour
Potions
 e - 3 potions of ambrosia {unknown}
 h - 4 potions of heal wounds {@q2}
 i - a potion of might {unknown}
 k - 3 potions of flight {unknown}
 l - 7 potions of curing {unknown}
 o - a potion of haste {unknown}
 r - a potion of degeneration {unknown}
 s - 2 potions of mutation {unknown}
 v - 2 potions of brilliance {unknown}
 x - 2 potions of attraction {unknown}
 A - a potion of magic {unknown}


   Skills:
 + Level 9.2 Fighting
 - Level 1.7 Dodging
 - Level 1.7 Stealth
 + Level 3.6 Spellcasting
 - Level 9.9 Conjurations
 - Level 10.4 Fire Magic


You had 10 spell levels left.
You knew the following spells:

 Your Spells              Type           Power      Damage    Failure   Level
a - Magic Dart            Conj           100%       1d8       1%          1
b - Searing Ray           Conj           100%       2d8       1%          2
c - Flame Wave            Conj/Fire      82%        3d14      1%          4

Your spell library contained the following spells:

 Spells                   Type           Power      Damage    Failure   Level
 Foxfire                  Conj/Fire      100%       2x1d9     1%          1
 Conjure Flame            Conj/Fire      82%        6-21      1%          3
 Dazzling Flash           Conj/Hex       74%        N/A       3%          3
 Inner Flame              Hex/Fire       56%        N/A       3%          3
 Fulminant Prism          Conj/Hex       18%        3d11      11%         4
 Iskenderun's Mystic Bla  Conj/Tloc      37%        2d9       11%         4
 Corpse Rot               Necr/Air       N/A        N/A       13%         2
 Ensorcelled Hibernation  Hex/Ice        10%        N/A       13%         2
 Poisonous Vapours        Pois/Air       10%        N/A       13%         2
 Spider Form              Tmut/Pois      2%         N/A       26%         3
 Freezing Cloud           Conj/Ice/Air   13%        6-21      52%         5
 Simulacrum               Ice/Necr       2%         N/A       100%        6
 Polar Vortex             Ice            2%         N/A       100%        9


Dungeon Overview and Level Annotations

Branches:
Dungeon (11/15)            Temple (0/1) D:5            Lair (0/6) D:11
    Orc (1/2) D:11

Shops:
D:2 :   D:4 [(?*(   D:5 ?   D:11 *

Annotations:
D:5 Pikel


Innate Abilities, Weirdness & Mutations

Your attributes grow dramatically as you level up.
You have an increased reservoir of magic. (+10% MP)
You shall have no god before yourself.


Message History

The flame wave engulfs the two-headed ogre!!
The two-headed ogre is moderately wounded. (Press . to intensify the flame waves.)
You hear a howl!
The two-headed ogre hits you but does no damage.
The two-headed ogre hits you with a +0 giant spiked club!
A wave of flame ripples out!
The flame wave engulfs the two-headed ogre!!
You kill the two-headed ogre!
You hear a howl!
A wave of flame ripples out!
The flame wave engulfs the two-headed ogre!!
The two-headed ogre is heavily wounded.
The flame wave engulfs the ogre mage!!
The ogre mage is heavily wounded.
You finish channelling waves of flame.
You hear a howl!
A warg comes into view.
Casting: Flame Wave (mildly dangerous; 1% risk of failure)
Confirm with . or Enter, or press ? or * to list all spells.
Casting: Flame Wave (mildly dangerous; 1% risk of failure)
Press: ? - help, Dir - look around, f - activate You feel a surge of power!
A wave of flame ripples out! (Press . to intensify the flame waves.)
The ogre mage points at you and mumbles some strange words.
You suddenly lose the ability to move!
A two-headed ogre comes into view.
It is wielding a +0 giant spiked club and a +0 dire flail.
The ogre hits you but does no damage. The ogre mage hits you with a +0 club.
The two-headed ogre hits you but does no damage.
The two-headed ogre barely misses you.
The ogre hits you with a +0 giant club!!
The ogre mage hits you but does no damage.
The two-headed ogre barely misses you.
The two-headed ogre hits you with a +0 giant club!! x2
* * * LOW HITPOINT WARNING * * *
The two-headed ogre hits you with a +0 giant club!
* * * LOW HITPOINT WARNING * * *
The ogre hits you with a +0 giant club.
You die...

.o.....## .....
........# ......
###......#
......##........##
##...#...........#
.#...............#
.................##
.#..#.$....)......#
#....#..[.>.@O...##
.#.....))..OOO...##
.....[[[....h.....#
......)..[).O....##
#...#.##..........#
#.................#
#................##
...##.$..........#
..# ##..........##


You could see 3 two-headed ogres, an ogre mage, a warg and an ogre.

Vanquished Creatures
  Erolcha (D:10)
  Harold (D:8)
  2 two-headed ogres
  Sonja (D:11)
  An ugly thing (D:7)
  A manticore (D:11)
  Maurice (D:8)
  5 trolls
  A wraith (D:11)
  4 yaks (D:11)
  2 wyverns
  A vampire (D:10)
  A shadow (D:11)
  2 steam dragons
  Edmund (D:5)
  2 wargs (Orc:1)
  An acid dragon (D:9)
  A water moccasin (D:9)
  3 ice beasts
  6 orc warriors
  A black bear (D:5)
  2 sky beasts
  5 ogres
  3 necrophages
  3 lemures
  4 centaurs
  A phantom (D:5)
  Blork the orc (D:6)
  3 kobold brigands
  A bullfrog (D:8)
  3 scorpions
  A wyvern skeleton (D:4)
  8 killer bees
  2 howler monkeys (D:8)
  A bullfrog zombie (D:7)
  3 centaur zombies
  11 orc priests
  A centaur skeleton (D:7)
  3 hounds
  A gnoll shaman (D:4)
  A bullfrog skeleton (D:5)
  12 orc wizards
  4 iguanas
  The ghost of SkeletonJelly the Sneak, a weakling DgDe (D:5)
  10 gnolls
  6 adders
  A white imp (D:3)
  2 dart slugs
  69 orcs
  2 ball pythons
  4 bats
  5 endoplasms
  3 giant cockroaches
  4 hobgoblins
  2 jackals (D:1)
  A quokka (D:1)
  5 frilled lizards
  3 goblins
  11 kobolds
  6 rats
248 creatures vanquished.

Vanquished Creatures (others)
  A centaur zombie (D:8)
  6 bushes (D:10)
  A plant (D:1)
8 creatures vanquished.

Grand Total: 256 creatures vanquished

Notes
Turn   | Place    | Note
-------+----------+-------------------------------------------
     0 | D:1      | freelancePsychic the Demigod Conjurer began the quest for
                  | the Orb.
     0 | D:1      | Reached XP level 1. HP: 14/14 MP: 5/5
   480 | D:1      | Reached XP level 2. HP: 20/20 MP: 5/7
   619 | D:1      | Learned a level 2 spell: Searing Ray
  1930 | D:2      | Found Loobbur's Book Shop.
  2053 | D:2      | Reached XP level 3. HP: 26/26 MP: 4/9
  2434 | D:3      | Reached XP level 4. HP: 32/33 MP: 1/11
  3006 | D:3      | Reached skill level 5 in Conjurations
  3378 | D:4      | Found Xaared's General Store.
  3521 | D:4      | Reached XP level 5. HP: 13/38 MP: 4/12
  3730 | D:4      | Found Ybrasist's Magic Scroll Emporium.
  3897 | D:4      | Found Coovum's Weapon Emporium.
  3966 | D:4      | Noticed a necrophage
  3974 | D:4      | Killed a necrophage
  3975 | D:4      | Reached skill level 1 in Fighting
  4064 | D:4      | Found Tynej's Armour Boutique.
  4077 | D:4      | Identified the ring of Ummeolur {*Corrode AC+4 SInv}
  4096 | D:4      | Reached XP level 6. HP: 29/48 MP: 5/13
  4431 | D:4      | Found Oqeisaq's Antique Weapon Shoppe.
  4968 | D:5      | Entered Level 5 of the Dungeon
  5078 | D:5      | Found a runed translucent door.
  5085 | D:5      | Noticed SkeletonJelly's ghost (weakling DgDe)
  5092 | D:5      | Reached XP level 7. HP: 35/57 MP: 6/14
  5306 | D:5      | Reached skill level 1 in Fire Magic
  5520 | D:5      | Noticed Pikel
  5622 | D:4      | Learned a level 4 spell: Flame Wave
  5654 | D:5      | Reached skill level 2 in Fire Magic
  5819 | D:5      | Found a staircase to the Ecumenical Temple.
  6029 | D:5      | Noticed Edmund
  6147 | D:5      | Killed Edmund
  6148 | D:5      | Reached skill level 3 in Fire Magic
  6148 | D:5      | Reached XP level 8. HP: 50/66 MP: 9/15
  6249 | D:5      | Found Ethidai's Magic Scroll Shop.
  6350 | D:5      | Killed SkeletonJelly's ghost
  6660 | D:6      | Noticed Blork the orc
  6767 | D:6      | Killed Blork the orc
  6768 | D:6      | Reached skill level 4 in Fire Magic
  7508 | D:7      | Reached skill level 5 in Fire Magic
  7511 | D:7      | Noticed a purple ugly thing
  7861 | D:7      | Reached XP level 9. HP: 62/71 MP: 8/16
  8328 | D:8      | Noticed Maurice
  8330 | D:8      | Reached skill level 6 in Fire Magic
  8345 | D:8      | Killed Maurice
  8354 | D:8      | Noticed Harold
  8706 | D:9      | Reached skill level 7 in Fire Magic
  9017 | D:9      | Noticed a death knight
  9021 | D:10     | Entered Level 10 of the Dungeon
  9322 | D:10     | Reached skill level 5 in Fighting
  9771 | D:10     | Noticed Erolcha
  9785 | D:10     | Killed Erolcha
  9786 | D:10     | Reached skill level 8 in Fire Magic
  9786 | D:10     | Reached XP level 10. HP: 82/83 MP: 3/17
 10023 | D:9      | Noticed a two-headed ogre
 10027 | D:9      | Killed a two-headed ogre
 10409 | D:9      | Reached skill level 9 in Fire Magic
 10936 | D:8      | Killed Harold
 11783 | D:4      | Bought a scroll of acquirement for 520 gold pieces
 11783 | D:4      | Acquired a staff of fire
 11905 | D:7      | Killed a purple ugly thing
 12519 | D:11     | Noticed Sonja
 12537 | D:11     | Killed Sonja
 12592 | D:11     | Noticed a manticore
 12598 | D:11     | Killed a manticore
 12668 | D:11     | Found Jiomaku's General Store.
 12681 | D:11     | Reached XP level 11. HP: 94/94 MP: 13/19
 12790 | D:11     | Reached skill level 10 in Fire Magic
 12874 | D:11     | Found a staircase to the Orcish Mines.
 13344 | D:11     | Found a staircase to the Lair.
 13700 | Orc:1    | Entered Level 1 of the Orcish Mines
 13858 | Orc:1    | Noticed an ogre mage
 13861 | Orc:1    | Noticed a two-headed ogre
 13917 | Orc:1    | Noticed a two-headed ogre
 13917 | Orc:1    | Noticed a two-headed ogre
 13919 | Orc:1    | Killed a two-headed ogre
 13921 | Orc:1    | Paralysed by an ogre mage for 5 turns
 13921 | Orc:1    | Noticed a two-headed ogre
 13925 | Orc:1    | HP: 3/97 [two-headed ogre (13)]
 13925 | Orc:1    | Slain by an ogre

Illustrated notes

Levels and vault maps discovered:
D:1:      dpeg_arrival_shelter, layout_loops_ring,
          shapermc_ecumenical_altar_mp_urbaneastern
D:2:      layout_basic, serial_shops, nicolae_shop_behind_doors,
          grunt_ministairs_7, minmay_misc_feat_plants
D:3:      layout_loops_ring
D:4:      layout_basic, nicolae_ru_awakened_eye, serial_shops, shop,
          kennysheep_mini, shop, nicolae_square_shop, shop
D:5:      layout_rooms, minmay_temple_entry_nine_rooms, ebering_ghost_sewer_d,
          st_stairs_7, kennysheep_small_square, uniq_edmund, uniq_pikel
D:6:      layout_basic, nicolae_uskayaw_suspiria, uniq_blork_the_orc
D:7:      layout_basic, minitemple, led_sif_pool
D:8:      layout_rooms, grunt_ministairs_7, st_stairs_10, uniq_harold,
          uniq_maurice
D:9:      minmay_goldmine, layout_loops_ring, kennysheep_generic_room_16
D:10:     minmay_klotski, layout_irregular_city, lemuel_tele_altar, uniq_erolcha
D:11:     layout_cave_pods, lair_entry_dummy, hiddenorc1_lemuel,
          nicolae_stop_n_shop_2, uniq_sonja
Orc:1:    layout_caves

Skill      XL: |  1  2  3  4  5  6  7  8  9 10 11 |
---------------+----------------------------------+-----
Spellcasting   | 2 3 |  3.6
Conjurations   | 4 5 6 7 9 |  9.9
Fighting       | 1 3 6 8 9 |  9.2
Fire Magic     | 3 5 8 9 10 | 10.4
Dodging        | |  1.7
Stealth        | |  1.7

Action                   |  1- 3 |  4- 6 |  7- 9 | 10-12 || total
-------------------------+-------+-------+-------+-------++-------
Melee: Unarmed           |    22 |     3 |    12 |       ||    37
       Dagger            |       |       |     9 |    27 ||    36
       Staff             |       |       |       |    12 ||    12
 Cast: Magic Dart        |    38 |       |     1 |       ||    39
       Searing Ray       |    18 |    28 |    37 |     4 ||    87
       Flame Wave        |       |       |    30 |    40 ||    70
Evoke: Wand              |       |       |       |     2 ||     2
  Use: Scroll            |       |     4 |     7 |     4 ||    15
       Potion            |       |       |     3 |     1 ||     4
Armor: Robe              |    14 |     5 |    34 |       ||    53
       Troll leather arm |       |       |    10 |    66 ||    76
       Skin              |       |       |    10 |       ||    10
Dodge: Dodged            |    38 |    18 |    91 |    68 ||   215
       Repelled          |       |       |       |     2 ||     2

Table legend: (Time is in decaauts)
 A = Elapsed time spent in this place.
 B = Non-inter-level travel time spent in this place.
 C = Inter-level travel time spent in this place.
 D = Time resting spent in this place.
 E = Time spent auto-exploring this place.
 F = Levels seen in this place.
 G = Mean time per level.
                   A        B        C        D        E       F      G
               +--------+--------+--------+--------+--------+-----+--------+
         Total |  13970 |  13363 |    607 |   1229 |  10453 |  12 | 1164.2 |
       Dungeon |  13919 |  13313 |    606 |   1229 |  10452 |  11 | 1265.4 |
  Orcish Mines |     50 |     50 |      0 |      0 |      1 |   1 |   50.0 |
               +--------+--------+--------+--------+--------+-----+--------+

Top non-repeatable levels by time:
     D:4: 1982 daAuts
     D:9: 1718 daAuts
    D:11: 1422 daAuts
     D:5: 1315 daAuts
     D:7: 1235 daAuts
     D:1: 1211 daAuts
     D:6: 1107 daAuts
     D:2: 1075 daAuts
     D:3: 1046 daAuts
    D:10: 1040 daAuts
     D:8: 762 daAuts
   Orc:1: 50 daAuts
